 Dungeon Crawl Stone Soup version 0.28.0 (webtiles) character file.

Game seed: 15796722958668112526

134 AmazingTV the Covered (level 4, -2/41 HPs)
             Began as a Minotaur Fighter on Mar 25, 2024.
             Killed by divine providence
             ... invoked by an orc priest
              (10 damage)
             ... on level 4 of the Dungeon.
             The game lasted 00:04:51 (1561 turns).

AmazingTV the Covered (Minotaur Fighter)            Turns: 1561, Time: 00:04:52

Health: -2/41      AC:  7    Str: 23    XL:     4   Next: 95%
Magic:  3/3        EV:  9    Int:  5    God:
Gold:   146        SH:  4    Dex:  9    Spells: 3/3 levels left

rFire   . . .      SeeInvis .   o - +1 mace (protect) {mace}
rCold   . . .      Faith    .   c - +0 buckler
rNeg    . . .      Spirit   .   h - +0 scale mail
rPois   .          Reflect  .   (helmet restricted)
rElec   .          Harm     .   (no cloak)
rCorr   .          Rampage  .   (no gloves)
Will    .....                   (no boots)
Stlth   ..........              (no amulet)
HPRegen 0.13/turn               (no ring)
MPRegen 0.08/turn               (no ring)

@: no status effects
A: horns 2, retaliatory headbutt
a: no special abilities


You were on level 4 of the Dungeon.
You visited 1 branch of the dungeon, and saw 3 of its levels.

You collected 179 gold pieces.
You spent 33 gold pieces at shops.


Innate Abilities, Weirdness & Mutations

You have a pair of horns on your head.
You reflexively headbutt those who attack you in melee.


   Skills:
 + Level 4.4 Fighting
 + Level 3.4(3.8) Axes
 + Level 2.2(3.2) Maces & Flails
 + Level 4.5 Armour
 + Level 4.4 Shields


You had 3 spell levels left.
You didn't know any spells.
Your spell library was empty.

Inventory:

Hand Weapons
 a - a +0 war axe {axe}
 b - a +0 mace {mace}
   (You took it off an orc on level 2 of the Dungeon)
 i - a +1 dagger of electrocution {short}
   (You took it off an orc on level 2 of the Dungeon)
 o - a +1 mace of protection (weapon) {mace}
   (You found it on level 4 of the Dungeon)
Missiles
 l - 7 stones (quivered)
 p - a boomerang
Armour
 c - a +0 buckler (worn)
 h - a +0 scale mail (worn)
 k - a +0 pair of gloves
   (You found it on level 2 of the Dungeon)
 q - a +0 cloak
   (You found it on level 4 of the Dungeon)
Magical Staves
 n - a staff of cold {!astaff}
   (You found it on level 2 of the Dungeon)
Jewellery
 r - a ring of ice
   (You found it on level 4 of the Dungeon)
Wands
 t - a wand of acid (2)
   (You took it off Ijyb on level 4 of the Dungeon)
Scrolls
 e - 2 scrolls of enchant weapon {unknown}
 j - 2 scrolls of noise {unknown}
 m - a scroll of fog {unknown}
 s - a scroll of fear {unknown}
Potions
 d - a potion of might
 f - a potion of mutation {unknown}
 g - 2 potions of curing {@q1}

Dungeon Overview and Level Annotations

Branches:
Dungeon (4/15)
 Temple: D:4-7

Altars:

Shops:
D:1 ! D:2

( #..#..# #....# #.. ##
####....# #....# #.. #.
.<.......# #..... ... #o
####.....## #......... #.
#.......# #.........
#..####.....## #.#.####.#
#...........# #.#.# #.#
#o######o[### #.#.# #.#
#....o.#@.# ####.#.####.#
######.#..###......$....#
#)#.................
#.##.#............##
#.##.#.###..#.###.#
#......# #....###.##
######.###..###.....
#......###.#.#.
#####..........


You could see an orc priest.


Message History

😕 HP[+1] 😕 HP[+1]
A ball python comes into view.
The ball python hisses angrily.
A goblin comes into view. It is wielding a +0 dagger.
The goblin shouts!
A ball python comes into view.
You hear the slow rusting of a very distant drain.
The ball python hisses angrily.
You slash the ball python!
You kill the ball python! 😕 HP[+1]
You see here a ball python corpse.
You closely miss the goblin. Your headbutt misses the goblin.
The goblin hits you but does no damage.
The goblin hits you with a +0 dagger. 😕 HP[-2]
You take 2 damage, and now have 35/41 hp.
You miss the goblin. The goblin closely misses you.
You closely miss the goblin.
The goblin hits you with a +0 dagger. 😕 HP[-3]
You take 3 damage, and now have 32/41 hp.
You slash the goblin!
You kill the goblin!
The ball python closely misses you. The ball python barely misses you.
You closely miss the ball python.
The ball python bites you but does no damage.
The ball python grabs you.
The ball python constricts you. 😕 HP[+1]
You closely miss the ball python. The ball python closely misses you.
The ball python constricts you.
The ball python bites you but does no damage.
The ball python constricts you. 😕 HP[-1]
You take 1 damage, and now have 32/41 hp.
You barely miss the ball python. Your headbutt misses the ball python.
You block the ball python's attack. The ball python constricts you.
The ball python bites you but does no damage.
The ball python constricts you.
You slash the ball python!
You kill the ball python! 😕 HP[+1]
s - a scroll labelled HEIR QOUSKEC 😕 HP[+1] 😕 HP[+1] Ijyb the Twisted Goblin comes into view.
She is wielding a +0 dagger and carrying a wand of acid (5).
Ijyb shouts!
You hear a shout!
Ijyb grins evilly.
You block Ijyb's attack.
You hit Ijyb.
Ijyb zaps a wand.
The bolt of acid misses you.
You slash Ijyb! Ijyb hits you but does no damage.
You hit Ijyb but do no damage. Ijyb hits you with a +0 dagger.
Ijyb hits you but does no damage. 😕 HP[-3]
You take 3 damage, and now have 32/41 hp.
You hit Ijyb.
Ijyb zaps a wand.
The bolt of acid hits you!!
Ouch! That really hurt!
* * * LOW HITPOINT WARNING * * *
The acid corrodes you! 😱 HP[-25]
You take 25 damage, and now have 7/41 hp.
MASSIVE DAMAGE!! (PAUSE)
Your +1 mace of protection {mace} hums with potential!
o - a +1 mace of protection (weapon)
{mace} Ijyb hits you with a +0 dagger.
* * * LOW HITPOINT WARNING * * *
😱 HP[-2]
You take 2 damage, and now have 5/41 hp.
You barely miss Ijyb.
Ijyb zaps a wand.
The bolt of acid misses you.
You closely miss Ijyb. Ijyb barely misses you. You furiously retaliate!
You headbutt Ijyb. You sock Ijyb!
Your weapon exudes an aura of protection.
You kill Ijyb!
Unknown command.
t - a wand of acid (2)
Things that are here:
a +0 dagger {short}; a +0 scale mail; the goblin corpse of Ijyb 😱 HP[+1]
You hear the slow rusting of a distant drain. 2 orcs come into view.
The orc shouts! x2; You hear a shout!
The orc moves out of view. 😱 HP[+1]
You are no longer corroded.
You start resting.
An orc is nearby!
Things that are here:
a +0 dagger {short}; a +0 scale mail; the goblin corpse of Ijyb 😱 HP[+1]
An orc priest comes into view. It is wielding a +0 short sword.
The orc priest invokes the aid of Beogh against you.
Beogh smites you!
You die...

Skill      XL: |  1  2  3  4 |
---------------+-------------+-----
Maces & Flails | 1 2 |  2.2
Armour         | 4 |  4.5
Fighting       | 4 |  4.4
Shields        | 4 |  4.4
Axes           | 3 |  3.4

Action                   |  1- 3 |  4- 6 || total
-------------------------+-------+-------++-------
Melee: War axe           |    78 |    44 ||   122
       Headbutt          |     9 |     3 ||    12
       Mace              |       |     3 ||     3
Armor: Scale mail        |    48 |    18 ||    66
Dodge: Dodged            |    38 |    23 ||    61
Block: Buckler           |    16 |     9 ||    25

Levels and vault maps discovered:
D:1:      nzn_arrival_settlement, layout_rooms,
          shapermc_ecumenical_altar_acropolis, serial_shops,
          nicolae_shop_statue_plus, nicolae_concentric_dashed_squares_mild
D:2:      layout_loops_ring, serial_shops, nicolae_shop_advertising_works
          [nicolae_subvault_shop_adworks], uniq_crazy_yiuf_cottage
D:4:      layout_loops_ring, serial_shops, kennysheep_mini_moat,
          lightli_sewer_entry_pipes, uniq_ijyb, uniq_eustachio

Notes
Turn   | Place    | Note
-------+----------+-------------------------------------------
     0 | D:1      | AmazingTV the Minotaur Fighter began the quest for the Orb.
     0 | D:1      | Reached XP level 1. HP: 19/19 MP: 0/0
     0 | D:1      | magus.rc [v1.9.6]
    82 | D:1      | Found Tyl Gikk's Distillery.
   119 | D:1      | Bought a potion of curing for 33 gold pieces
   218 | D:1      | Reached XP level 2. HP: 26/27 MP: 1/1
   271 | D:1      | Found a faded altar of an unknown god.
   626 | D:2      | Reached skill level 1 in Maces & Flails
   628 | D:2      | Reached skill level 4 in Armour
   631 | D:2      | Reached XP level 3. HP: 27/33 MP: 2/2
   633 | D:2      | Reached skill level 4 in Fighting
   633 | D:2      | Reached skill level 4 in Shields
   739 | D:2      | Reached skill level 3 in Axes
   902 | D:2      | Found Maynuquahi's Antique Weapon Boutique.
  1034 | D:2      | Reached XP level 4. HP: 38/40 MP: 3/3
  1251 | D:2      | Reached skill level 2 in Maces & Flails
  1355 | D:2      | You fall into a shaft and drop 2 floors!
  1529 | D:4      | Noticed Ijyb
  1535 | D:4      | HP: 7/41 [Ijyb/bolt of acid (25)]
  1539 | D:4      | Killed Ijyb
  1561 | D:4      | Killed from afar by an orc priest

Vanquished Creatures
  Ijyb (D:4)
  5 adders (D:2)
  An adder skeleton (D:4)
  A worm (D:2)
  A dart slug (D:1)
  7 orcs
  6 bats
  3 endoplasms (D:1)
  A giant cockroach (D:2)
  5 goblins
  A hobgoblin (D:2)
  A quokka (D:4)
  8 ball pythons
  2 frilled lizards (D:2)
  5 kobolds
  3 rats (D:1)
51 creatures vanquished.

Table legend:
 A = Non-vault XP
 B = Vault XP
 C = Vault XP percentage of total XP
 D = Non-vault monster count
 E = Vault monster count
 F = Vault count percentage of total count
                 A         B        C        D         E       F
            +---------+---------+-------+---------+---------+-------
      Total |     156 |      36 |  18.8 |      50 |       1 |   2.0
            +---------+---------+-------+---------+---------+-------
        D:1 |      21 |       0 |   0.0 |      13 |       0 |   0.0
        D:2 |     109 |       0 |   0.0 |      26 |       0 |   0.0
        D:4 |      26 |      36 |  58.1 |      11 |       1 |   8.3
            +---------+---------+-------+---------+---------+-------

Illustrated notes

Table legend:
 A = Kills in this place as a percentage of kills in entire the game.
 B = Kills by you in this place as a percentage of kills by you in the entire game.
 C = Kills by friends in this place as a percentage of kills by friends in the entire game.
 D = Other kills in this place as a percentage of other kills in the entire game.
 E = Experience gained in this place as a percentage of experience gained in the entire game.
 F = Experience gained in this place divided by the number of levels of this place that you have seen.
                   A       B       C       D       E      F
               +-------+-------+-------+-------+-------+----------------------
         Total | 100.0 | 100.0 |   N/A |   N/A | 100.0 |  64.0
       Dungeon | 100.0 | 100.0 |   N/A |   N/A | 100.0 |  64.0
               +-------+-------+-------+-------+-------+----------------------

Table legend: (Time is in decaauts)
 A = Elapsed time spent in this place.
 B = Non-inter-level travel time spent in this place.
 C = Inter-level travel time spent in this place.
 D = Time resting spent in this place.
 E = Time spent auto-exploring this place.
 F = Levels seen in this place.
 G = Mean time per level.
                   A        B        C        D        E       F      G
               +--------+--------+--------+--------+--------+-----+--------+
         Total |   1606 |   1553 |     53 |      2 |   1129 |   3 |  535.3 |
       Dungeon |   1606 |   1553 |     53 |      2 |   1129 |   3 |  535.3 |
               +--------+--------+--------+--------+--------+-----+--------+

Top non-repeatable levels by time:
     D:2: 800 daAuts
     D:1: 589 daAuts
     D:4: 216 daAuts
